 Dungeon Crawl Stone Soup version 0.22-a0-469-gf26638a (webtiles) character file.

31476 Darkshadow the Peltast (level 13, 0/122 HPs)
             Began as a Minotaur Berserker on June 11, 2018.
             Was a High Priest of Trog.
             Slain by an azure jelly (glowing shapeshifter) (31 damage)
             ... on level 13 of the Dungeon.
             The game lasted 01:49:15 (17732 turns).

Darkshadow the Peltast (Minotaur Berserker)        Turns: 17732, Time: 01:49:18

Health: 0/122      AC: 17    Str: 25    XL:     13   Next: 26%
Magic:  4/4        EV:  8    Int:  4    God:    Trog [*****.]
Gold:   842        SH: 24    Dex: 12    Spells: 12/12 levels left

rFire    + . .     SeeInvis .   M - +2 trident (antimagic)
rCold    . . .     Gourm    +   F - +3 large shield
rNeg     . . .     Faith    .   H - +0 plate armour
rPois    .         Spirit   .   (helmet restricted)
rElec    .         Reflect  .   (no cloak)
rCorr    .         Harm     .   r - +0 pair of gloves
MR       .....                  l - +0 pair of boots
Stlth    ..........             f - amulet of the gourmand
HPRegen  0.30/turn              B - ring of protection from fire
MPRegen  0.09/turn              (no ring)

@: no status effects
A: retaliatory headbutt, horns 2
a: Berserk, Trog's Hand, Brothers in Arms, Renounce Religion


You were on level 13 of the Dungeon.
You worshipped Trog.
Trog was extremely pleased with you.
You were not hungry.

You visited 2 branches of the dungeon, and saw 14 of its levels.

You collected 842 gold pieces.

Inventory:

Hand Weapons
 a - a +0 hand axe
 u - a +1 trident of piercing
 v - a +0 hunting sling
 M - a +2 antimagic trident (weapon)
 O - the +1 war axe of the Vine {chop, rF+++ Str-3}
   (You found it on level 10 of the Dungeon)

   It inflicts extra damage upon your enemies.
   It affects your strength (-3).
   It renders you almost immune to fire.
 Q - a +5 demon trident
Missiles
 n - 313 stones (quivered)
 y - 6 tomahawks
 C - 2 throwing nets
Armour
 l - a +0 pair of boots (worn)
 r - a +0 pair of gloves (worn)
 F - a +3 large shield (worn)
 H - a +0 plate armour (worn)
Jewellery
 f - an amulet of the gourmand (around neck)
 B - a ring of protection from fire (left hand)
 J - an uncursed ring of flight {unknown}
 L - an uncursed ring of ice {unknown}
 N - an uncursed ring of fire {unknown}
Wands
 b - a wand of iceblast (15)
 e - a wand of disintegration (15)
 i - a wand of flame (57)
 s - a wand of scattershot (8)
 t - a wand of digging (8)
 A - a wand of paralysis (19)
Scrolls
 h - a scroll of magic mapping
 k - 6 scrolls of teleportation
 p - a scroll of fog
 z - 2 scrolls of fear
 P - a scroll of identify
Potions
 d - a potion of lignification {unknown}
 g - 4 potions of flight
 j - a potion of heal wounds
 m - 2 potions of berserk rage
 o - 2 potions of might
 q - 2 potions of mutation {unknown}
 w - 4 potions of curing
 x - 2 potions of brilliance
 D - a potion of agility
 E - 3 potions of degeneration {unknown}
 G - 2 potions of cancellation
 I - a potion of ambrosia {unknown}
 K - 2 potions of haste {unknown}
Comestibles
 c - 16 rations


   Skills:
 + Level 13.1 Fighting
 - Level 6.3(10.8) Axes
 - Level 13.5(14.0) Polearms
 + Level 10.7 Armour
 - Level 6.2 Dodging
 * Level 15.2 Shields


You had 12 spell levels left.
You didn't know any spells.
Your spell library was empty.

Dungeon Overview and Level Annotations

Branches:
Dungeon (13/15)            Temple (1/1) D:5            Lair (0/6) D:8
    Orc (0/2) D:11         Vaults (0/5) D:13

Altars:
Ashenzari
Cheibriados
Dithmenos
Elyvilon
Fedhas
Gozag
Hepliaklqana
Kikubaaqudgha
Makhleb
Nemelex Xobeh
Okawaru
Qazlal
Ru
Sif Muna
Trog
Uskayaw
Vehumet
Wu Jian
Xom
Yredelemnul
Zin
The Shining One
Beogh

Shops:
D:10 [

Annotations:
D:4 RedSky's ghost, novice DrAE


Innate Abilities, Weirdness & Mutations

You reflexively headbutt those who attack you in melee.
You have a pair of horns on your head.


Message History

An azure jelly comes into view.
Found a stone staircase leading down.
Autopickup is now off.
Autopickup is now on.
A deep elf mage comes into view. It is wielding a short sword.
The azure jelly quivers.
The azure jelly hits you. The azure jelly freezes you!!!
You block the azure jelly's attack. The azure jelly hits you.
* * * LOW HITPOINT WARNING * * *
You block the azure jelly's attack.
You are too injured to fight recklessly!
Okay, then.
Your two-headed ogre goes berserk!
You feel somewhat more hungry. The azure jelly barely misses you.
The azure jelly hits you but does no damage.
You block the azure jelly's attack. The azure jelly closely misses you.
You block the azure jelly's attack. The azure jelly hits you.
* * * LOW HITPOINT WARNING * * *
The azure jelly freezes you!!
You die...

......#.#..#............
..###.†....#...#<# #.
....#.#.#.(...##)###..
#.#...#...).......#..
#[##...[.......h#.#.#
#.#....####....##...####.
.....#...#....## #.......
.....###......####.......
#....###?...#.##@JO......
.........#..#.##.#.......
.............†...#.......
...........##.####..e>...
.....###...##.# .......
...### ##.....) .......
.### #..##.## ....... .#
......# ....... ..
##..#..#


You could see an azure jelly, a deep elf mage and a friendly two-headed ogre
(berserk).

Vanquished Creatures
  A hydra (D:11)
  A centaur warrior (D:10)
  The ghost of Loudmushroom the Cleaver, a novice MiBe of Trog (D:10)
  5 two-headed ogres
  2 tengu warriors (D:13)
  Urug (D:12)
  Nergalle (D:12)
  5 skeletal warriors (D:10)
  An unseen horror (D:13)
  A wolf spider zombie (D:13)
  An orc knight (D:11)
  4 ugly things
  A deep elf mage (D:12)
  2 cyclopes
  A manticore (D:12)
  2 centaur skeletons
  2 kobold demonologists (D:12)
  A komodo dragon (D:8)
  A queen bee (D:7)
  4 trolls
  Grinder (D:3)
  5 hippogriffs
  A raiju (shapeshifter) (D:13)
  2 wyverns (D:12)
  A vampire (D:10)
  7 yaks
  A steam dragon (D:10)
  3 soldier ants
  Duvessa (D:6)
  3 sky beasts
  6 orc warriors
  4 black bears
  An ice beast (D:5)
  2 phantoms
  An eye of draining (D:13)
  A hornet zombie (D:13)
  3 ogres
  4 centaurs
  6 bullfrogs
  2 big kobolds
  Dowan (D:6)
  4 scorpions
  5 wights (D:6)
  25 killer bees
  6 howler monkeys
  3 crimson imps
  2 centaur zombies
  6 hounds
  18 orc wizards
  A jelly (D:10)
  9 orc priests
  An iron imp (D:7)
  3 bullfrog skeletons
  5 iguanas
  Ijyb (D:2)
  4 worker ants
  A hound zombie (D:9)
  A worker ant zombie (D:9)
  3 gnolls (D:3)
  14 adders
  3 shadow imps
  An ooze (D:3)
  An adder skeleton (D:10)
  A worm (D:4)
  A dart slug (D:1)
  9 leopard geckos
  58 orcs
  5 giant cockroaches
  8 goblins
  8 hobgoblins
  13 jackals
  5 quokkas
  2 ball pythons
  8 bats
  7 frilled lizards
  A jackal zombie (D:6)
  12 kobolds
  3 leopard gecko skeletons
  A leopard gecko zombie (D:7)
  A quokka zombie (D:7)
  5 rats
  A plant (D:2)
360 creatures vanquished.

Vanquished Creatures (collateral kills)
  Nessos (D:12)
  A kobold demonologist (D:12)
  A hippogriff (D:12)
3 creatures vanquished.

Vanquished Creatures (others)
  A ball python skeleton (D:4)
  A plant (D:8)
2 creatures vanquished.

Grand Total: 365 creatures vanquished

Notes
Turn   | Place    | Note
-------+----------+-------------------------------------------
     0 | D:1      | Darkshadow the Minotaur Berserker began the quest for the Orb.
     0 | D:1      | Reached XP level 1. HP: 19/19 MP: 0/0
   192 | D:1      | Reached XP level 2. HP: 27/27 MP: 1/1
   537 | D:2      | Found a white marble altar of Elyvilon.
   607 | D:2      | Reached XP level 3. HP: 33/33 MP: 2/2
  1269 | D:2      | Reached ** piety under Trog
  1828 | D:3      | Reached XP level 4. HP: 32/41 MP: 3/3
  1835 | D:3      | Noticed Ijyb
  1863 | D:2      | Killed Ijyb
  1863 | D:2      | Reached skill level 5 in Axes
  1863 | D:2      | Reached skill level 1 in Shields
  2271 | D:3      | Found a faded altar of an unknown god.
  2301 | D:3      | Noticed Grinder
  2329 | D:3      | Reached XP level 5. HP: 47/47 MP: 4/4
  2335 | D:3      | Killed Grinder
  2335 | D:3      | Reached skill level 5 in Fighting
  2335 | D:3      | Reached skill level 3 in Shields
  2335 | D:3      | Reached XP level 6. HP: 56/56 MP: 5/5
  2383 | D:3      | Found a sparkling altar of Nemelex Xobeh.
  3553 | D:4      | Noticed RedSky's ghost (novice DrAE)
  3875 | D:5      | Entered Level 5 of the Dungeon
  4012 | D:4      | Reached skill level 1 in Polearms
  4012 | D:4      | Reached skill level 4 in Shields
  4112 | D:4      | Found a radiant altar of Vehumet.
  4121 | D:4      | Reached XP level 7. HP: 57/61 MP: 6/6
  4138 | D:4      | HP: 3/61 [RedSky's ghost/zap (2)]
  4879 | D:5      | Found a staircase to the Ecumenical Temple.
  5079 | D:5      | Reached *** piety under Trog
  5237 | D:5      | Reached skill level 5 in Shields
  5539 | D:5      | Reached skill level 5 in Armour
  5539 | D:5      | Reached XP level 8. HP: 32/70 MP: 7/7
  6076 | D:5      | Reached skill level 6 in Shields
  6365 | D:6      | Reached skill level 11 in Shields
  6365 | D:6      | Reached XP level 9. HP: 75/75 MP: 8/8
  6376 | D:6      | Reached XP level 10. HP: 93/93 MP: 9/9
  6677 | D:6      | Noticed Dowan
  6679 | D:6      | Noticed Duvessa
  6692 | D:6      | Killed Duvessa
  6696 | D:6      | Killed Dowan
  7015 | D:6      | Reached skill level 10 in Fighting
  7575 | D:7      | Reached **** piety under Trog
  7604 | D:7      | Found a sand-covered staircase.
  8231 | D:7      | Found a snail-covered altar of Cheibriados.
  8586 | Temple   | Entered the Ecumenical Temple
  9160 | D:8      | Noticed a two-headed ogre
  9166 | D:8      | Killed a two-headed ogre
  9843 | D:8      | Reached XP level 11. HP: 75/101 MP: 10/10
 10272 | D:8      | Noticed a two-headed ogre
 10285 | D:8      | Killed a two-headed ogre
 10657 | D:8      | Found a staircase to the Lair.
 10801 | D:8      | Found Inneamuc's Gadget Shop.
 10918 | D:9      | Found a bloodstained altar of Trog.
 10987 | D:10     | Entered Level 10 of the Dungeon
 10987 | D:10     | Found Naipnaps's Antique Armour Shoppe.
 11197 | D:9      | Reached ***** piety under Trog
 11427 | D:9      | Reached skill level 12 in Shields
 12188 | D:10     | Noticed Loudmushroom's ghost (novice MiBe)
 12214 | D:10     | Killed Loudmushroom's ghost
 12284 | D:10     | Noticed a two-headed ogre
 12294 | D:10     | Killed a two-headed ogre
 12303 | D:10     | Noticed a skeletal warrior
 12303 | D:10     | Noticed a skeletal warrior
 12333 | D:10     | Killed a skeletal warrior
 12535 | D:10     | Noticed a skeletal warrior
 12538 | D:10     | Noticed a skeletal warrior
 12566 | D:10     | Killed a skeletal warrior
 12577 | D:10     | Killed a skeletal warrior
 12790 | D:10     | Killed a skeletal warrior
 12926 | D:10     | Noticed a centaur warrior
 12945 | D:10     | Killed a centaur warrior
 12945 | D:10     | Reached skill level 5 in Dodging
 13034 | D:10     | Reached skill level 13 in Shields
 13069 | D:10     | Noticed a skeletal warrior
 13090 | D:10     | Killed a skeletal warrior
 13090 | D:10     | Reached XP level 12. HP: 112/112 MP: 11/11
 13148 | D:10     | Got a twisted war axe
 13154 | D:10     | Identified the cursed +1 war axe of the Vine {chop, rF+++ Str-3} (You found it on level 10 of the Dungeon)
 13349 | D:11     | Received a gift from Trog
 13599 | D:11     | Found a roughly hewn altar of Beogh.
 13599 | D:11     | Found a staircase to the Orcish Mines.
 13950 | D:11     | Noticed a four-headed hydra
 13966 | D:11     | Killed a seven-headed hydra
 14011 | D:11     | Noticed a two-headed ogre
 14021 | D:11     | Killed a two-headed ogre
 15138 | D:11     | Received a gift from Trog
 16059 | D:12     | Reached skill level 14 in Shields
 16215 | D:12     | Noticed Urug
 16249 | D:12     | Killed Urug
 16632 | D:12     | Reached skill level 10 in Armour
 16639 | D:12     | Noticed Nessos
 16691 | D:12     | Killed Nessos
 16863 | D:12     | Identified a scroll of acquirement
 16915 | D:12     | Noticed Nergalle
 16945 | D:12     | Killed Nergalle
 17120 | D:13     | Noticed a tengu warrior
 17121 | D:13     | Noticed a tengu warrior
 17161 | D:13     | Reached XP level 13. HP: 119/119 MP: 4/12
 17262 | D:13     | Reached skill level 15 in Shields
 17466 | D:13     | Found a gate to the Vaults.
 17729 | D:13     | Noticed an azure jelly
 17732 | D:13     | Slain by an azure jelly (glowing shapeshifter)

Vault maps used:
D:1:      nzn_arrival_crosshair, st_stairs_11
D:2:      serial_forest, infiniplex_forest_clump_medium,
          infiniplex_forest_end_3, infiniplex_forest_clump_small,
          infiniplex_forest_straight_3, infiniplex_forest_straight_4,
          infiniplex_forest_lined_corner, infiniplex_forest_join,
          elyvilon_altar_1
D:3:      nemelex_xobeh_ov_fountains_minmay, first_ration, portal_sewer_entry_d,
          chequers_ecumenical_altar_simple, minmay_close_crescents, uniq_ijyb,
          uniq_grinder
D:4:      vehumet_altar_wand_db
D:5:      minmay_temple_entry_overgrown
D:6:      lemuel_ice_spiral_2, uniq_duvessa
D:7:      enter_ossuary_1, chei_slow_surprise
D:8:      david_lair_shrubbed, serial_shops, shop, david_nohive_1
D:9:      basic_altar
D:10:     serial_shops, nicolae_shop_trees
D:11:     david_orc_5
D:12:     uniq_nessos, uniq_urug, uniq_nergalle
D:13:     david_vaults_4
Temple:   roderic_octagonal_lattice_temple

Skill      XL: |  1  2  3  4  5  6  7  8  9 10 11 12 13 |
---------------+----------------------------------------+-----
Axes           | 4 5 6 |  6.3
Fighting       | 4 5 6 9 10 11 12 13 | 13.1
Armour         | 3 4 5 6 8 10 | 10.7
Shields        | 1 3 4 5 11 13 14 15 | 15.2
Polearms       | 1 4 11 13 | 13.5
Dodging        | 5 6 |  6.2

Action                   |  1- 3 |  4- 6 |  7- 9 | 10-12 | 13-15 || total
-------------------------+-------+-------+-------+-------+-------++-------
Melee: Hand axe          |    97 |    92 |       |   105 |       ||   294
       Headbutt          |    19 |    24 |    15 |   198 |    26 ||   282
       Trident           |       |    41 |   131 |   649 |   118 ||   939
       War axe           |       |       |       |   193 |       ||   193
Throw: Stone             |     6 |     4 |     1 |    84 |       ||    95
Invok: Berserk           |     1 |     1 |       |    16 |       ||    18
       Trog's Hand       |       |       |       |     5 |       ||     5
       Brothers in Arms  |       |       |       |     1 |     1 ||     2
  Use: Scroll            |       |     9 |     4 |    12 |     1 ||    26
       Potion            |       |       |     3 |     4 |       ||     7
  Eat: Chunk             |     1 |     3 |     2 |    46 |       ||    52
       Ration            |     1 |     1 |     2 |     3 |       ||     7
Armor: Animal skin       |     5 |       |       |       |       ||     5
       Ring mail         |    22 |     4 |       |       |       ||    26
       Chain mail        |       |    60 |    52 |   121 |       ||   233
       Plate armour      |       |       |       |   135 |    40 ||   175
Dodge: Dodged            |    35 |    59 |    34 |   187 |     9 ||   324
Block: Buckler           |     7 |    23 |    13 |    98 |       ||   141
       Large shield      |       |       |       |   518 |   102 ||   620

Table legend:
 A = Spawn XP
 B = Non-spawn XP
 C = Spawn XP percentage of total XP
 D = Spawn monster count
 E = Non-spawn monster count
 F = Spawn count percentage of total count
 G = Total turns spent on level
                    A         B        C        D         E        F      G
               +---------+---------+-------+---------+---------+-------+---------
         Total |       0 |   39672 |   0.0 |       0 |     362 |   0.0 | 17732
               +---------+---------+-------+---------+---------+-------+---------
           D:1 |       0 |      24 |   0.0 |       0 |      14 |   0.0 |   517
           D:2 |       0 |     100 |   0.0 |       0 |      17 |   0.0 |  1398
           D:3 |       0 |     444 |   0.0 |       0 |      41 |   0.0 |  1669
           D:4 |       0 |     238 |   0.0 |       0 |      12 |   0.0 |  1293
           D:5 |       0 |     969 |   0.0 |       0 |      23 |   0.0 |  1604
           D:6 |       0 |     910 |   0.0 |       0 |      24 |   0.0 |  1328
           D:7 |       0 |    1698 |   0.0 |       0 |      29 |   0.0 |  1648
           D:8 |       0 |    3452 |   0.0 |       0 |      29 |   0.0 |  1227
           D:9 |       0 |    1843 |   0.0 |       0 |      28 |   0.0 |  1436
          D:10 |       0 |    7997 |   0.0 |       0 |      38 |   0.0 |  1519
          D:11 |       0 |    7120 |   0.0 |       0 |      49 |   0.0 |  2155
          D:12 |       0 |    7676 |   0.0 |       0 |      32 |   0.0 |  1095
          D:13 |       0 |    7201 |   0.0 |       0 |      26 |   0.0 |   612
               +---------+---------+-------+---------+---------+-------+---------
